 Dungeon Crawl Stone Soup version 0.28.0 (webtiles) character file.

Game seed: 16835583036204563358

156 GrayStillPlays the Covered (level 5, 0/41 HPs)
             Began as a Demonspawn Fighter on Feb 13, 2022.
             Killed from afar by an orc wizard (6 damage)
             ... with a magic dart
             ... on level 3 of the Dungeon.
             The game lasted 00:02:56 (2322 turns).

GrayStillPlays the Covered (Demonspawn Fighter)     Turns: 2322, Time: 00:02:57

Health: 0/41       AC: 10    Str: 18    XL:     5   Next: 15%
Magic:  5/5        EV:  9    Int:  9    God:
Gold:   28         SH:  5    Dex: 13    Spells: 4/4 levels left

rFire   . . .      SeeInvis .   a - +0 war axe {axe}
rCold   . . .      Faith    .   c - +0 buckler
rNeg    . . .      Spirit   .   b - +0 scale mail
rPois   .          Reflect  .   (no helmet)
rElec   .          Harm     .   (no cloak)
rCorr   .          Rampage  .   p - +0 pair of gloves
Will    .....                   (no boots)
Stlth   ..........              (no amulet)
HPRegen 0.13/turn               (no ring)
MPRegen 0.09/turn               (no ring)

@: no status effects
A: hooves 1, ignite blood 1, sharp scales 2
a: no special abilities


You were on level 3 of the Dungeon.
You visited 1 branch of the dungeon, and saw 3 of its levels.

You collected 28 gold pieces.


Innate Abilities, Weirdness & Mutations

You have large cloven feet.
Your demonic aura sometimes causes spilled blood to erupt in flames.
You are mostly covered in razor-sharp scales. (AC +2, Slay +2)


   Skills:
 + Level 3.5 Fighting
 + Level 2.5 Axes
 * Level 3.7 Armour
 + Level 1.6 Dodging
 + Level 3.3 Shields


You had 4 spell levels left.
You didn't know any spells.
Your spell library contained the following spells:

 Spells                   Type           Power      Damage    Failure   Level
 Sting                    Tmut/Pois      0%         1d3       86%         1
 Poisonous Vapours        Pois/Air       0%         N/A       94%         2
 Olgreb's Toxic Radiance  Pois           0%         N/A       100%        4

Inventory:

Hand Weapons
 a - a +0 war axe (weapon) {axe}
Missiles
 e - 42 stones (quivered) {throwing}
 g - 2 boomerangs {throwing}
 n - 27 arrows
Armour
 b - a +0 scale mail (worn)
 c - a +0 buckler (worn)
 p - a +0 pair of gloves (worn)
   (You found it on level 2 of the Dungeon)
Jewellery
 h - a ring of ice
   (You found it on level 1 of the Dungeon)
Scrolls
 j - a scroll of immolation {unknown}
 k - a scroll of enchant armour {unknown}
 l - 2 scrolls of magic mapping {unknown}
 m - a scroll of enchant weapon {unknown}
 o - 3 scrolls of identify {unknown}
 q - a scroll of amnesia {unknown}
Potions
 d - a potion of might
 f - a potion of degeneration {unknown}
 i - a potion of heal wounds {unknown}
 r - 2 potions of curing {unknown}

Dungeon Overview and Level Annotations

Branches:
Dungeon (3/15)

Altars:

Shops:
D:2

[ .......#..)# #...### .###
###..# ### ..... #...# ..#
.....####.#{# #.# # ..........#.#
#.# . ........###.# #.# .#
###..........#.## #.#
..##[......#.<..@..##### #.#
#..#.#....#####........###<#
#.#.....>......####....##.#
#......######..#######.##.#
##....### ##....####....####
......####### #.##...#..........#
...####.###.###.###.##..........#
....##...............#..........#
#.#.)..##.###.###.##............#


There were no monsters in sight!


Message History

Something hits you but does no damage. Something hits you.
Something hits you but does no damage. 😕 HP[-1]
You take 1 damage, and now have 27/35 hp.
You hit something. You miss something. Something hits you. x2
You block something's attack. 😮 HP[-4]
You take 4 damage, and now have 23/35 hp.
You closely miss something. You hit something. Something hits you.
Something hits you but does no damage. Something hits you. 😮 HP[-2]
You take 2 damage, and now have 21/35 hp.
You slash something!
Reactivating autopickup.
You feel a bit more experienced.
You miss something. Something hits you but does no damage.
Deactivating autopickup; reactivate with Ctrl-A.
Something hits you but does no damage.
You have reached level 5!
Your demonic ancestry asserts itself...
Your feet thicken and deform. 😮 HP[+4] MP[+1]
You now have 41 max hp (+6).
You regained 4 hp, and now have 25/41 hp.
Your mp is fully restored (5).
You hear some strange, mumbled words.
A magic dart appears from out of thin air!
The magic dart hits you!
* * * LOW HITPOINT WARNING * * *
😨 HP[-9]
You take 9 damage, and now have 16/41 hp.
MASSIVE DAMAGE!! (PAUSE)
You barely miss something. Your kick misses something.
You hear some strange, mumbled words.
A puff of flame appears from out of thin air!
The puff of flame hits you.
* * * LOW HITPOINT WARNING * * *
😨 HP[-2]
You take 2 damage, and now have 14/41 hp.
You hear some strange, mumbled words.
You are confused. 😨 HP[+1]
A magic dart appears from out of thin air!
The magic dart hits you.
* * * LOW HITPOINT WARNING * * *
😱 HP[-6]
You take 6 damage, and now have 9/41 hp.
You're too confused to move!
You hear some strange, mumbled words.
You are more confused.
You miss something. You kick something. Something hits you but does no damage.
You hear some strange, mumbled words.
A magic dart appears from out of thin air!
The magic dart hits you.
* * * LOW HITPOINT WARNING * * *
😱 HP[-2]
You take 2 damage, and now have 7/41 hp.
You closely miss something.
You hear some strange, mumbled words.
Something tries to affect you, but you resist.
You barely miss something. Something hits you but does no damage.
You slash something! Your kick misses something.
You feel less confused.
Something hits you but does no damage. x2
You hit something.
You hear some strange, mumbled words.
You are confused.
Something hits you but does no damage.
You're too confused to move!
Something hits you but does no damage. 😱 HP[+1]
You bump into the rock wall.
You hear some strange, mumbled words.
You are more confused.
You hear some strange, mumbled words.
A magic dart appears from out of thin air!
The magic dart hits you.
* * * LOW HITPOINT WARNING * * *
😱 HP[-2]
You take 2 damage, and now have 6/41 hp.
You hear some strange, mumbled words.
A magic dart appears from out of thin air!
The magic dart hits you but does no damage.
You bump into the rock wall.
Something hits you but does no damage.
A magic dart appears from out of thin air!
The magic dart hits you but does no damage.
You bump into the rock wall.
You bump into the rock wall.
Something hits you but does no damage. 😱 HP[+1]
You feel less confused.
You hear some strange, mumbled words.
Something tries to affect you, but you resist.
A magic dart appears from out of thin air!
The magic dart hits you.
* * * LOW HITPOINT WARNING * * *
😱 HP[-1]
You take 1 damage, and now have 6/41 hp.
A magic dart appears from out of thin air!
The magic dart hits you.
You die...

Skill      XL: |  1  2  3 |
---------------+----------+-----
Axes           | 2 |  2.5
Armour         | 3 |  3.7
Dodging        | 1 |  1.6
Shields        | 3 |  3.3
Fighting       | |  3.5

Action                   |  1- 3 |  4- 6 || total
-------------------------+-------+-------++-------
Melee: War axe           |    76 |    66 ||   142
       Kick              |       |     1 ||     1
Armor: Scale mail        |    43 |    39 ||    82
Dodge: Dodged            |    43 |    32 ||    75
Block: Buckler           |    22 |     7 ||    29

Levels and vault maps discovered:
D:1:      nzn_arrival_crosshair, layout_basic,
          shapermc_ecumenical_altar_flowoftime, minmay_misc_feat_roman
D:2:      layout_basic, serial_shops, shop
D:3:      layout_rooms, nicolae_concentric_dashed_squares_wild

Notes
Turn   | Place    | Note
-------+----------+-------------------------------------------
     0 | D:1      | GrayStillPlays the Demonspawn Fighter began the quest for
                  | the Orb.
     0 | D:1      | Reached XP level 1. HP: 18/18 MP: 1/1
     0 | D:1      | magus.rc [v1.9.6]
   424 | D:1      | Gained mutation: You are partially covered in razor-sharp
                  | scales. (AC +1, Slay +1) [demonic ancestry]
   424 | D:1      | Reached XP level 2. HP: 22/24 MP: 2/2
   452 | D:1      | Reached skill level 2 in Axes
   822 | D:1      | Found a faded altar of an unknown god.
  1010 | D:2      | Reached skill level 3 in Armour
  1132 | D:2      | Gained mutation: You are mostly covered in razor-sharp
                  | scales. (AC +2, Slay +2) [demonic ancestry]
  1132 | D:2      | Reached XP level 3. HP: 29/29 MP: 3/3
  1288 | D:2      | Found Sofyv's Armour Shoppe.
  1332 | D:2      | Reached skill level 1 in Dodging
  1332 | D:2      | Reached skill level 3 in Shields
  1501 | D:2      | Gained mutation: Your demonic aura sometimes causes spilled
                  | blood to erupt in flames. [demonic ancestry]
  1501 | D:2      | Reached XP level 4. HP: 35/35 MP: 4/4
  1817 | D:3      | You add the spells Sting, Poisonous Vapours and Olgreb's
                  | Toxic Radiance to your library.
  2296 | D:3      | Gained mutation: You have large cloven feet. [demonic
                  | ancestry]
  2296 | D:3      | Reached XP level 5. HP: 25/41 MP: 5/5
  2299 | D:3      | HP: 9/41 [something/magic dart (6)]
  2305 | D:3      | HP: 7/41 [something/magic dart (3)]
  2313 | D:3      | HP: 6/41 [something/magic dart (2)]
  2321 | D:3      | HP: 6/41 [something/magic dart (1)]
  2322 | D:3      | Killed from afar by an orc wizard

Vanquished Creatures
  A hound (D:2)
  An orc wizard (D:3)
  5 adders
  A worm (D:3)
  A dart slug (D:1)
  6 orcs (D:3)
  3 ball pythons
  4 endoplasms
  4 giant cockroaches (D:2)
  4 goblins
  4 hobgoblins (D:2)
  A kobold (D:1)
  3 bats (D:2)
  4 frilled lizards
  4 rats
46 creatures vanquished.

Table legend:
 A = Non-vault XP
 B = Vault XP
 C = Vault XP percentage of total XP
 D = Non-vault monster count
 E = Vault monster count
 F = Vault count percentage of total count
                 A         B        C        D         E       F
            +---------+---------+-------+---------+---------+-------
      Total |     224 |       0 |   0.0 |      46 |       0 |   0.0
            +---------+---------+-------+---------+---------+-------
        D:1 |      20 |       0 |   0.0 |      11 |       0 |   0.0
        D:2 |      85 |       0 |   0.0 |      18 |       0 |   0.0
        D:3 |     119 |       0 |   0.0 |      17 |       0 |   0.0
            +---------+---------+-------+---------+---------+-------

Illustrated notes

Table legend:
 A = Kills in this place as a percentage of kills in entire the game.
 B = Kills by you in this place as a percentage of kills by you in the entire game.
 C = Kills by friends in this place as a percentage of kills by friends in the entire game.
 D = Other kills in this place as a percentage of other kills in the entire game.
 E = Experience gained in this place as a percentage of experience gained in the entire game.
 F = Experience gained in this place divided by the number of levels of this place that you have seen.
                   A       B       C       D       E      F
               +-------+-------+-------+-------+-------+----------------------
         Total | 100.0 | 100.0 |   N/A |   N/A | 100.0 |  74.7
       Dungeon | 100.0 | 100.0 |   N/A |   N/A | 100.0 |  74.7
               +-------+-------+-------+-------+-------+----------------------

Table legend: (Time is in decaauts)
 A = Elapsed time spent in this place.
 B = Non-inter-level travel time spent in this place.
 C = Inter-level travel time spent in this place.
 D = Time resting spent in this place.
 E = Time spent auto-exploring this place.
 F = Levels seen in this place.
 G = Mean time per level.
                   A        B        C        D        E       F      G
               +--------+--------+--------+--------+--------+-----+--------+
         Total |   2383 |   2352 |     31 |      0 |   1974 |   3 |  794.3 |
       Dungeon |   2383 |   2352 |     31 |      0 |   1974 |   3 |  794.3 |
               +--------+--------+--------+--------+--------+-----+--------+

Top non-repeatable levels by time:
     D:1: 1007 daAuts
     D:2: 829 daAuts
     D:3: 546 daAuts
